 Dungeon Crawl Stone Soup version 0.18-a0-1468-gaf180a1 (webtiles) character file.

299 namelastname112 the Insei (level 6, 0/51 HPs)
             Began as a Draconian Monk on Mar 2, 2016.
             Was a Believer of Makhleb.
             Slain by a goblin
             ... wielding a +0 dagger
             ... led by Robin
              (1 damage)
             ... on level 3 of the Dungeon.
             The game lasted 00:02:45 (1764 turns).

namelastname112 the Insei (Draconian Monk)          Turns: 1764, Time: 00:02:45

Health: 0/51       AC:  6    Str: 12 (13) XL:     6   Next: 13%
Magic:  6/6        EV: 13    Int:  8 (10) God:    Makhleb [**....]
Gold:   113        SH:  0    Dex: 15 (16) Spells: 0 memorised, 5 levels left

rFire  . . .     SeeInvis .       - Unarmed
rCold  . . .     Gourm    .     (armour unavailable)
rNeg   . . .     Faith    .     (no shield)
rPois  .         Spirit   .     (helmet restricted)
rElec  .         Dismiss  .     (no cloak)
rCorr  .         Reflect  .     (no gloves)
SustAt .         Harm     .     (no boots)
MR     .....                    (no amulet)
Stlth  ++........               (no ring)
                                (no ring)

@: not resistant to hostile enchantments, unstealthy
A: unfitting armour, cold-blooded, AC +6
a: Minor Destruction, Renounce Religion


You were on level 3 of the Dungeon.
You worshipped Makhleb.
Makhleb was pleased with you.
You were hungry.

You visited 1 branch of the dungeon, and saw 3 of its levels.

You collected 113 gold pieces.

Inventory:

Jewellery
 f - an uncursed ring of wizardry {unknown}
Scrolls
 e - 2 scrolls of remove curse {unknown}
 h - a scroll of teleportation {unknown}
 j - a scroll of random uselessness {unknown}
 l - a scroll of magic mapping {unknown}
 p - a scroll of identify {unknown}
Potions
 g - a potion of heal wounds {unknown}
 i - a potion of flight {unknown}
 k - a potion of cancellation {unknown}
 m - a potion of agility {unknown}
 n - a potion of might {unknown}
 o - a potion of degeneration
 q - a potion of magic {unknown}
Comestibles
 a - 2 bread rations
 b - a slice of pizza
 c - 5 meat rations
 d - 3 fruits


   Skills:
 - Level 3.2 Fighting
 - Level 2.6 Dodging
 - Level 1.7 Stealth
 + Level 7.4 Unarmed Combat


You had 5 spell levels left.
You didn't know any spells.

Dungeon Overview and Level Annotations

Branches:
Dungeon (3/15)

Altars:
Fedhas
Makhleb
Ru
Yredelemnul
The Shining One

Annotations:
D:3 Robin


Innate Abilities, Weirdness & Mutations

Your plain brown scales are hard (AC +6).
Your body does not fit into most forms of armour.
You are cold-blooded and may be slowed by cold attacks.


Message History

The hobgoblin hits you but does no damage.
You hit the goblin.
You kill the goblin!
Makhleb accepts your kill.
You feel better. The goblin hits you but does no damage.
Robin roars a battlecry!
The goblins go into a battle-frenzy!
The goblin hits you with a dagger.
* * * LOW HITPOINT WARNING * * *
You completely miss the goblin. The hobgoblin barely misses you.
The goblin closely misses you. The goblin barely misses you.
Drink which item? (? for menu, Esc to quit)
It was a potion of degeneration.
There was something very wrong with that liquid.
You feel weakened.
You feel dopey.
You feel clumsy. The goblin closely misses you.
The hobgoblin closely misses you. The hobgoblin hits you with a club.
* * * LOW HITPOINT WARNING * * *
The goblin hits you with a dagger.
You die...

#######
##############......
.............'......
........######......
.#.########..##########.
.....gg@g)......>.......
.#.##.ggg.##..##.######.
#...(.###.##.# #.
####### #..#.# #. ##.#.#
#. #.#.# #. #)#.# #.
#.#.# #. #.#.# #.


You could see Robin, 2 hobgoblins and 3 goblins.

Vanquished Creatures
  Sigmund (D:2)
  Ijyb (D:2)
  2 adders (D:3)
  An ooze (D:2)
  2 worms
  4 dart slugs
  2 orcs (D:3)
  A ball python (D:1)
  3 bats
  3 giant cockroaches
  14 goblins
  8 hobgoblins
  11 jackals
  5 kobolds
  A quokka (D:3)
  2 giant newts (D:1)
  7 rats
68 creatures vanquished.

Notes
Turn   | Place    | Note
--------------------------------------------------------------
     0 | D:1      | namelastname112 the Draconian Monk began the quest for the Orb.
     0 | D:1      | Reached XP level 1. HP: 19/19 MP: 1/1
    71 | D:1      | Reached XP level 2. HP: 20/26 MP: 2/2
   353 | D:1      | Reached skill level 5 in Unarmed Combat
   490 | D:1      | Reached XP level 3. HP: 31/31 MP: 3/3
   847 | D:2      | Found a basalt altar of Yredelemnul.
   923 | D:2      | Found a burning altar of Makhleb.
   940 | D:2      | Found a blossoming altar of Fedhas.
   961 | D:2      | Found a glowing golden altar of the Shining One.
   961 | D:2      | Found a sacrificial altar of Ru.
   963 | D:2      | Became a worshipper of Makhleb the Destroyer
   963 | D:2      | Reached * piety under Makhleb
   963 | D:2      | Reached ** piety under Makhleb
   977 | D:2      | Noticed Ijyb
   998 | D:2      | Killed Ijyb
   998 | D:2      | Reached XP level 4. HP: 30/38 MP: 4/4
  1105 | D:2      | Noticed Sigmund
  1175 | D:2      | HP: 1/38 [Sigmund/puff of flame (8)]
  1179 | D:2      | Killed Sigmund
  1179 | D:2      | Reached skill level 7 in Unarmed Combat
  1179 | D:2      | Reached XP level 5. HP: 18/45 MP: 5/5
  1379 | D:2      | Found a faded altar to an unknown god.
  1559 | D:3      | Reached XP level 6. HP: 46/51 MP: 6/6
  1735 | D:3      | Noticed Robin
  1764 | D:3      | HP: 1/51 [hobgoblin/club[Robin] (2)]
  1764 | D:3      | Slain by a goblin

Vault maps used:
D:1:      minmay_arrival_solitary_statue, minmay_misc_feat_columns
D:2:      lemuel_round_altar, gammafunk_temple_overflow_forgotten,
          ecumenical_altar_2, fedhas_altar_1, uniq_sigmund, uniq_iyjb
D:3:      grunt_decor_cap, uniq_robin

Skill      XL: |  1  2  3  4 |
---------------+-------------+-----
Unarmed Combat | 5 7 |  7.4
Fighting       | |  3.2
Dodging        | |  2.6
Stealth        | |  1.7

Action                   |  1- 3 |  4- 6 || total
-------------------------+-------+-------++-------
Melee: Unarmed           |   141 |    70 ||   211
Invok: Minor Destruction |       |    18 ||    18
  Use: Potion            |       |     2 ||     2
 Stab: Sleeping          |     4 |     1 ||     5
  Eat: Chunk             |       |     3 ||     3
